AoeStats
← 水果湖一杯倒

Northern Isles

510320412Analyzed
1v1 RM · 3d ago on Sep 30, 2026· 62m 35s· 2 players
Game mode
Random Map
Map size
Tiny (2 player)
Population
200
Speed
Normal
Resources
Standard
Victory
Conquest
Starting age
Dark Age
Ending age
Imperial Age
RankedLock teamsTeams togetherTeam positionsShared explorationLock speedFull tech treeHidden civsTurbo modeCheats
Victory
Defeat
🇨🇳 Vikings · China
1029
+17
🇺🇸 Portuguese · United States
1041
-17
水果湖一杯倒
8:04 Loom
10:13 Feudal Age
10:47 Double-Bit Axe
11:50 Fishing Lines
17:21 Town Watch
20:30 Fletching
23:55 Castle Age
24:58 Medium Warships
24:46 Bodkin Arrow
25:52 Gillnets
27:46 Clinker Construction
28:07 Gold Mining
29:24 Careening
32:05 Ballistics
37:27 Imperial Age
37:15 Masonry
36:46 Treadmill Crane
42:06 Chemistry
41:27 Dry Dock
42:41 Hoardings
44:39 Conscription
46:29 Elite Longship
50:48 Bracer
51:46 Carvel Hull
56:34 Architecture
56:50 Bow Saw
57:42 Bogsveigar
63:12 Heavy Warships
Poopass
10:48 Loom
13:12 Feudal Age
13:37 Double-Bit Axe
13:43 Gold Mining
16:39 Forging
17:44 Fletching
22:14 Castle Age
23:05 Medium Warships
23:17 Bodkin Arrow
24:10 Careening
24:18 Horse Collar
25:53 Bow Saw
26:18 Clinker Construction
28:56 Heavy Plow
29:19 Siphons
33:55 Ballistics
34:52 Masonry
34:59 Masonry
35:17 Stone Mining
36:23 Padded Archer Armor
40:45 Imperial Age
38:13 Crossbowman
42:29 Chemistry
42:28 Carvel Hull
42:29 Dry Dock
42:11 Bracer
42:53 Heavy Warships
43:16 Thumb Ring
44:06 Arbalester
47:49 Architecture
50:25 Leather Archer Armor
60:46 Heated Shot
Connection lost

Rejoining the realm…

Still unreachable

The connection could not be restored.

Session expired

The server has moved on; the page needs a fresh start.